 Dungeon Crawl Stone Soup version 0.28.0-45-g0d030f2227 (webtiles) character file.

Game seed: 15479167403293036628

1134 unlimited1921 the Skirmisher (level 8, -13/73 HPs)
             Began as a Minotaur Hunter on Apr 21, 2022.
             Mangled by Pikel
             ... wielding a +1 whip of electrocution
              (17 damage)
             ... on level 5 of the Dungeon.
             The game lasted 00:27:11 (4458 turns).

unlimited1921 the Skirmisher (Minotaur Hunter)      Turns: 4458, Time: 00:27:11

Health: -13/73     AC:  8    Str: 25    XL:     8   Next: 14%
Magic:  7/7        EV: 12    Int:  8    God:
Gold:   347        SH:  0    Dex: 11    Spells: 7/7 levels left

rFire   . . .      SeeInvis .   x - +2 quarterstaff (chaos)
rCold   + . .      Faith    .   (shield currently unavailable)
rNeg    . . .      Spirit   .   X - +0 ring mail {Will+}
rPois   .          Reflect  .   (helmet restricted)
rElec   .          Harm     .   y - +0 cloak
rCorr   .          Rampage  .   h - +0 pair of gloves
Will    +....                   (no boots)
Stlth   +.........              (no amulet)
HPRegen 0.22/turn               f - ring of protection from cold
MPRegen 0.10/turn               q - +6 ring of strength

@: no status effects
A: horns 2, retaliatory headbutt
a: no special abilities


You were on level 5 of the Dungeon.
You visited 1 branch of the dungeon, and saw 5 of its levels.
You also visited: Ossuary.

You collected 347 gold pieces.

Inventory:

Hand Weapons
 a - a +1 hand crossbow
 p - a +2 whip of electrocution
 x - a +2 quarterstaff of chaos (weapon)
 z - a +2 short sword of speed
 K - a +0 falchion
 L - a +0 hand axe
 P - a +0 flail
 R - a +0 morningstar
 U - a +0 great mace
Missiles
 d - 18 bolts
 l - 31 sling bullets
 n - 17 arrows
 w - 8 poisoned darts
 I - 7 javelins
 M - 3 boomerangs
 V - 5 silver javelins (quivered)
Armour
 h - a +0 pair of gloves (worn)
 t - a scarf of harm
 y - a +0 cloak (worn)
 S - a +0 tower shield
 X - a +0 ring mail of willpower (worn)
Jewellery
 f - a ring of protection from cold (left hand)
 q - a +6 ring of strength (right hand)
 J - a ring of magical power
Wands
 m - a wand of digging (11)
Scrolls
 e - 5 scrolls of identify
 g - 2 scrolls of teleportation
 k - a scroll of torment
 o - a scroll of vulnerability {unknown}
 r - a scroll of brand weapon {unknown}
 u - a scroll of enchant weapon {unknown}
 v - 2 scrolls of fog {unknown}
 B - a scroll of silence {unknown}
 C - a scroll of fear {unknown}
 D - a scroll of immolation {unknown}
 Q - 2 scrolls of noise {unknown}
 T - a scroll of acquirement {unknown}
Potions
 i - a potion of haste {unknown}
 j - 3 potions of lignification {unknown}
 A - 2 potions of attraction {unknown}
 E - a potion of might {unknown}
 F - a potion of flight {unknown}
 G - 2 potions of brilliance {unknown}
 H - a potion of curing {unknown}
 W - a potion of degeneration {unknown}


   Skills:
 * Level 7.4 Fighting
 + Level 4.2 Staves
 + Level 5.5 Crossbows
 + Level 0.1 Throwing
 * Level 4.0 Armour
 * Level 4.0 Dodging
 - Level 2.4 Stealth
 * Level 1.8 Shields


You had 7 spell levels left.
You didn't know any spells.
Your spell library was empty.

Dungeon Overview and Level Annotations

Branches:
Dungeon (5/15)            Ossuary (visited)
 Temple: D:4-7

Altars:
The Shining One

Annotations:
D:5 Pikel


Innate Abilities, Weirdness & Mutations

You have a pair of horns on your head.
You reflexively headbutt those who attack you in melee.


Message History

You hit Pikel.
Pikel goes berserk!
Pikel is moderately wounded.
Pikel hits you with a +1 whip of electrocution! x2
You are electrocuted!
You barely miss Pikel.
Pikel is moderately wounded.
Pikel hits you with a +1 whip of electrocution!
Pikel hits you with a +1 whip of electrocution!
Pikel hits you with a +1 whip of electrocution.
There is an open door here.
Pikel rages.
Pikel completely misses you. You furiously retaliate!
You headbutt Pikel!
Pikel hits you with a +1 whip of electrocution.
* * * LOW HITPOINT WARNING * * *
There is an open door here.
Throw: 6 javelins (silver)
Press: ? - help, Q - select action, (/) - cycle Shift-Dir - straight line, f - Pikel
Aim: Pikel, wielding a +1 whip of electrocution and wearing a +0 robe (heavily wounded, berserk, 51% to hit)
You throw a silver javelin.
The silver javelin closely misses Pikel.
The silver javelin pierces through the lemure!
The lemure is moderately wounded.
The silver javelin pierces through the centaur zombie.
The centaur zombie is lightly damaged.
The silver javelin barely misses the lemure.
The silver javelin pierces through the lemure!
The lemure is moderately wounded.
Pikel closely misses you. You furiously retaliate!
You headbutt Pikel.
Pikel hits you with a +1 whip of electrocution!
* * * LOW HITPOINT WARNING * * *
Pikel misses you.
As you read the scroll labelled JEPRUN ZIAGYTI, it crumbles to dust.
It is a scroll of identify.
g - 2 scrolls of teleportation Pikel hits you with a +1 whip of electrocution!
* * * LOW HITPOINT WARNING * * *
Pikel barely misses you.
Pikel rages.
Pikel hits you with a +1 whip of electrocution!
You die...

#.# #.# #
#.# #.#
#######.#
#.#
#.......#
#.#
##'#######
#.# #.....#
#.....##
#......#
#...@..#
#....K.#
######Z# #.#
#######'####
.
......55...#
..
.......5...#
...
...........#
....
#######'####
.....


You could see Pikel (berserk) and a centaur zombie.

Vanquished Creatures
  Grinder (D:3)
  Duvessa (D:5)
  A black bear (D:4)
  A lemure (D:5)
  An elf zombie (Ossuary)
  2 scorpions (D:4)
  Dowan (D:5)
  3 centaur zombies (Ossuary)
  3 human zombies (Ossuary)
  A hound (D:4)
  Crazy Yiuf (D:2)
  A jelly (D:3)
  3 mummies (Ossuary)
  8 adders
  A howler monkey skeleton (D:4)
  An adder zombie (Ossuary)
  2 worms (D:2)
  A dart slug (D:5)
  10 orcs
  5 endoplasms
  A giant cockroach (D:2)
  6 goblins
  13 hobgoblins
  12 kobolds
  5 quokkas
  4 ball pythons
  6 bats
  2 frilled lizards
  2 goblin zombies (Ossuary)
  2 hobgoblin zombies (Ossuary)
  5 jackal zombies (Ossuary)
  8 kobold zombies (Ossuary)
  2 orc zombies (Ossuary)
  4 quokka zombies (Ossuary)
  7 rats
  4 rat zombies (Ossuary)
131 creatures vanquished.

Notes
Turn   | Place    | Note
-------+----------+-------------------------------------------
     0 | D:1      | unlimited1921 the Minotaur Hunter began the quest for the
                  | Orb.
     0 | D:1      | Reached XP level 1. HP: 18/18 MP: 0/0
   124 | D:1      | Reached XP level 2. HP: 25/25 MP: 1/1
   246 | D:1      | Reached skill level 3 in Fighting
   738 | D:2      | Reached XP level 3. HP: 27/31 MP: 2/2
   841 | D:2      | Reached skill level 1 in Stealth
   864 | D:2      | Reached skill level 4 in Fighting
   956 | D:2      | Reached XP level 4. HP: 30/41 MP: 3/3
  1288 | D:2      | Reached skill level 5 in Fighting
  1309 | D:2      | Found a runed translucent door.
  1310 | D:2      | Noticed Crazy Yiuf
  1538 | D:2      | Killed Crazy Yiuf
  1872 | D:4      | Found a sand-covered staircase.
  1877 | D:4      | Noticed a scorpion
  1883 | D:4      | Killed a scorpion
  1884 | D:4      | Reached skill level 5 in Crossbows
  1884 | D:4      | Reached XP level 5. HP: 46/50 MP: 4/4
  1957 | Ossuary  | Entered an ossuary
  1989 | Ossuary  | Reached skill level 6 in Fighting
  2057 | Ossuary  | Reached skill level 1 in Armour
  2057 | Ossuary  | Reached XP level 6. HP: 38/57 MP: 5/5
  2337 | Ossuary  | Reached skill level 1 in Staves
  2801 | D:4      | Reached XP level 7. HP: 64/64 MP: 6/6
  3061 | D:4      | Reached skill level 7 in Fighting
  3435 | D:5      | Entered Level 5 of the Dungeon
  3595 | D:3      | Noticed Grinder
  3604 | D:3      | Killed Grinder
  3605 | D:3      | Reached skill level 1 in Shields
  3938 | D:5      | Found a glowing golden altar of the Shining One.
  4075 | D:5      | Noticed Dowan
  4075 | D:5      | Noticed Duvessa
  4082 | D:5      | Killed Duvessa
  4083 | D:5      | Reached XP level 8. HP: 43/73 MP: 7/7
  4097 | D:5      | Killed Dowan
  4437 | D:5      | Noticed Pikel
  4456 | D:5      | HP: 3/73 [Pikel/+1 whip of electrocution (11)]
  4458 | D:5      | Mangled by Pikel

Illustrated notes

Levels and vault maps discovered:
D:1:      dpeg_arrival_rooms_c, layout_rooms, minmay_misc_feat_alley,
          grunt_decor_arrowhead
D:2:      layout_rooms, minmay_joined_circles, uniq_crazy_yiuf_cottage
D:3:      layout_rooms, uniq_grinder
D:4:      layout_gridville, lightli_ossuary_entry_decrepit_ruins,
          minmay_hedge_maze, dk_noncrumbling_4, minmay_fractal_squares_gapless_5
D:5:      layout_basic, nicolae_overflow_crystal_walls,
          minmay_shop_enchanted_jewellery, uniq_duvessa, uniq_pikel

Skill      XL: |  1  2  3  4  5  6  7  8 |
---------------+-------------------------+-----
Fighting       | 3 4 5 6 7 |  7.4
Stealth        | 1 2 |  2.4
Crossbows      | 5 |  5.5
Armour         | 1 3 4 |  4.0
Dodging        | 3 4 |  4.0
Staves         | 2 4 |  4.2
Shields        | 1 |  1.8
Throwing       | |  0.1

Action                   |  1- 3 |  4- 6 |  7- 9 || total
-------------------------+-------+-------+-------++-------
Melee: Quarterstaff      |       |    70 |    72 ||   142
       Headbutt          |       |    13 |    13 ||    26
 Fire: Hand crossbow     |    83 |    78 |       ||   161
Throw: Dart              |       |       |     8 ||     8
       Javelin           |       |       |     3 ||     3
  Use: Scroll            |       |     1 |     1 ||     2
 Stab: Petrified         |       |     8 |       ||     8
       Paralysed         |       |       |     3 ||     3
Armor: Leather armour    |     3 |     2 |       ||     5
       Ring mail         |       |    52 |    17 ||    69
Dodge: Dodged            |     8 |    76 |    52 ||   136
